cohdb
Replays
Latest Replays
All Replays
Popular Replays
Top Player Replays
Match Explorer
How It Works
Community
CoH3 Stats
Reddit
Sign in to upload your games and track your stats! →
Sign in with Steam
Match 42555881
Unlisted
Match 42555881
Overview
Messages
Build Orders
End
Kettenkrad Recon Vehicle
Construct Infanterie Kompanie
Selects Terror Battlegroup
Selects Machine Gun Camouflage
MG 42 Machine Gun Team
GrW 34 Mortar Team
MG 42 Machine Gun Team
GrW 34 Mortar Team
Construct Panzergrenadier Kompanie
Pak 40 Anti-tank Gun Team
251 Medium Carrier
Pak 40 Anti-tank Gun Team
Panzergrenadier Officer Quarters
Selects Interrogate
Pak 40 Anti-tank Gun Team
Support Elements
MG 42 Bunker
Pioneer Squad
MG 42 Bunker
Selects Propaganda Leaflet Drop
Nebelwerfer 42 Rocket Launcher Team
Pioneer Squad
Nebelwerfer 42 Rocket Launcher Team
Construct Panzer Kompanie
Selects V1 Rocket Strike
Propaganda Leaflet Drop
Propaganda Leaflet Drop
Sturmpanzer IV Brummbär
251 Medium Carrier
Selects Defend the Fatherland
V1 Rocket Strike
Propaganda Leaflet Drop
V1 Rocket Strike
Der Wüstenhase
sss
nop.8
CPU - VERY EASY
한글
Exf
Gravey
周末不日常
0
0
Comments
sign in to comment!
No comments posted yet!